General information
- name: BNet
- type: Ladder team game (AT/RT)
- host: Battle.net
- saver: BEAR_AND
map: GoldRush
- players: 8
- length: 08:01
- speed: Fast
- version: 1.21 W3XP
- replay type:

» download(64 KB)
Players
team 1 (winner)
BEAR_AND (
orange | 91 APM | 727 actions | 08:01)
2 Demon Hunter
1 Mana Burn
1 Evasion
» actions
| Assign group hotkey | 17 | |
| Basic commands | 7 | |
| Build / train | 20 | |
| Enter build submenu | 14 | |
| Enter hero's abilities submenu | 2 | |
| Right click | 417 | |
| Select / deselect | 122 | |
| Select group hotkey | 102 | |
| Use ability | 26 | |
727 total
» units
» buildings
| Altar of Elders | 1 | |
| Moon Well | 4 | |
| Ancient of War | 4 | |
| Tree of Ages | 1 | |
| Hunter's Hall | 1 | |
| Tree of Life | 1 | |
12 total
» build order
00:07 Altar of Elders
00:26 Moon Well
01:16 Ancient of War
01:30 Moon Well
02:49 Ancient of War
03:13 Moon Well
03:20 Ancient of War
04:45 Tree of Ages
04:50 Ancient of War
05:49 Moon Well
06:56 Hunter's Hall
07:13 Tree of Life
bLinn (
yellow | 81 APM | 648 actions | 08:00)
3 Far Seer
2 Feral Spirit
1 Chain Lighting
» actions
| Assign group hotkey | 35 | |
| Build / train | 29 | |
| ESC pressed | 7 | |
| Enter build submenu | 28 | |
| Enter hero's abilities submenu | 3 | |
| Remove unit from queue | 5 | |
| Right click | 280 | |
| Select / deselect | 140 | |
| Select group hotkey | 76 | |
| Use ability | 45 | |
648 total
» units
» upgrades
» buildings
| Altar of Storms | 1 | |
| Orc Burrow | 3 | |
| War Mill | 1 | |
| Barracks | 1 | |
| Watch Tower | 9 | |
| Voodoo Lounge | 2 | |
| Stronghold | 3 | |
| Beastiary | 2 | |
| Great Hall | 1 | |
23 total
» build order
00:02 Altar of Storms
00:11 Orc Burrow
00:23 War Mill
01:34 Barracks
01:46 Orc Burrow
02:34 Watch Tower
02:35 Watch Tower
02:50 Watch Tower
02:54 Watch Tower
02:59 Watch Tower
04:03 Watch Tower
04:11 Voodoo Lounge
04:11 Watch Tower
04:27 Voodoo Lounge
04:32 Stronghold
04:32 Stronghold
04:47 Orc Burrow
05:16 Watch Tower
05:52 Watch Tower
07:01 Beastiary
07:02 Beastiary
07:38 Great Hall
» items
| Healing Salve | 2 | |
| Lesser Clarity Potion | 1 | |
| Scroll of Speed | 1 | |
4 total
iggy_the_fisk (
green | 96 APM | 771 actions | 08:00)
2 Far Seer
1 Feral Spirit
1 Chain Lighting
» actions
| Assign group hotkey | 115 | |
| Build / train | 16 | |
| Enter build submenu | 20 | |
| Enter hero's abilities submenu | 2 | |
| Right click | 404 | |
| Select / deselect | 108 | |
| Select group hotkey | 70 | |
| Use ability | 36 | |
771 total
» units
» buildings
| Altar of Storms | 1 | |
| Orc Burrow | 2 | |
| War Mill | 1 | |
| Barracks | 1 | |
| Watch Tower | 12 | |
| Voodoo Lounge | 1 | |
| Stronghold | 1 | |
19 total
» build order
00:08 Altar of Storms
00:19 Orc Burrow
00:35 War Mill
01:17 Barracks
01:47 Orc Burrow
03:03 Watch Tower
03:04 Watch Tower
03:06 Watch Tower
03:23 Watch Tower
03:36 Watch Tower
03:47 Watch Tower
03:57 Watch Tower
04:21 Voodoo Lounge
04:45 Watch Tower
04:59 Watch Tower
05:47 Watch Tower
05:48 Watch Tower
06:51 Stronghold
07:30 Watch Tower
» items
TIMG4STRok (
purple | 89 APM | 711 actions | 08:00)
2 Archmage
1 Summon Water Elemental
1 Brilliance Aura
» actions
| Assign group hotkey | 18 | |
| Basic commands | 29 | |
| Build / train | 27 | |
| ESC pressed | 1 | |
| Enter build submenu | 12 | |
| Enter hero's abilities submenu | 2 | |
| Right click | 340 | |
| Select / deselect | 117 | |
| Select group hotkey | 137 | |
| Use ability | 28 | |
711 total
» units
» upgrades
» buildings
| Altar of Kings | 1 | |
| Farm | 3 | |
| Barracks | 1 | |
| Scout Tower | 4 | |
| Arcane Tower | 2 | |
| Arcane Vault | 1 | |
| Keep | 1 | |
| Town Hall | 1 | |
14 total
» build order
00:07 Altar of Kings
00:11 Farm
00:15 Barracks
00:59 Farm
02:01 Farm
03:16 Scout Tower
03:20 Scout Tower
03:35 Scout Tower
03:49 Arcane Tower
04:02 Arcane Vault
04:03 Arcane Tower
04:38 Keep
05:48 Town Hall
07:19 Scout Tower
team 2 (loser)
Drewknukem (
blue | 38 APM | 288 actions | 07:35)
1 Shadow Hunter
1 Healing Wave
» actions
| Basic commands | 3 | |
| Build / train | 12 | |
| Enter build submenu | 4 | |
| Enter hero's abilities submenu | 1 | |
| Right click | 105 | |
| Select / deselect | 144 | |
| Use ability | 19 | |
288 total
» units
» buildings
| Altar of Storms | 1 | |
| Barracks | 1 | |
| Orc Burrow | 2 | |
4 total
» build order
00:04 Altar of Storms
00:05 Barracks
00:27 Orc Burrow
02:28 Orc Burrow
iM.sO.L33T (
red | 54 APM | 405 actions | 07:32)
1 Death Knight
1 Death Coil
» actions
| Build / train | 17 | |
| Enter build submenu | 8 | |
| Enter hero's abilities submenu | 1 | |
| Right click | 270 | |
| Select / deselect | 90 | |
| Use ability | 19 | |
405 total
» units
| Acolyte | 6 | |
| Ghoul | 5 | |
| Crypt Fiend | 1 | |
12 total
» buildings
| Graveyard | 1 | |
| Crypt | 1 | |
| Altar of Darkness | 1 | |
| Ziggurat | 3 | |
| Tomb of Relics | 1 | |
| Nerubian Tower | 2 | |
9 total
» build order
00:36 Graveyard
00:52 Crypt
00:56 Altar of Darkness
00:59 Ziggurat
01:05 Tomb of Relics
01:47 Ziggurat
01:53 Nerubian Tower
02:03 Ziggurat
02:43 Nerubian Tower
MAINLINE (
teal | 58 APM | 464 actions | 08:00)
1 Demon Hunter
1 Mana Burn
» actions
| Build / train | 20 | |
| Enter build submenu | 8 | |
| Enter hero's abilities submenu | 1 | |
| Right click | 306 | |
| Select / deselect | 110 | |
| Use ability | 19 | |
464 total
» units
» buildings
| Altar of Elders | 1 | |
| Moon Well | 4 | |
| Ancient of War | 1 | |
| Tree of Ages | 1 | |
| Hunter's Hall | 1 | |
| Tree of Eternity | 1 | |
| Ancient of Wind | 1 | |
10 total
» build order
00:14 Altar of Elders
00:17 Moon Well
01:39 Moon Well
01:56 Ancient of War
02:36 Tree of Ages
04:21 Hunter's Hall
05:22 Tree of Eternity
05:45 Ancient of Wind
06:41 Moon Well
06:58 Moon Well
» items
Sixty-Six (
pink | 36 APM | 279 actions | 07:49)
1 Priestess of the Moon
1 Searing Arrows
» actions
| Assign group hotkey | 2 | |
| Basic commands | 8 | |
| Build / train | 25 | |
| Enter build submenu | 8 | |
| Enter hero's abilities submenu | 1 | |
| Right click | 92 | |
| Select / deselect | 120 | |
| Select group hotkey | 6 | |
| Use ability | 17 | |
279 total
» units
» upgrades
| Ultravision | 1 | |
| Strength of the Moon | 1 | |
2 total
» buildings
| Altar of Elders | 1 | |
| Moon Well | 3 | |
| Ancient of War | 2 | |
| Hunter's Hall | 1 | |
| Tree of Ages | 1 | |
8 total
» build order
00:08 Altar of Elders
00:11 Moon Well
01:10 Moon Well
02:08 Ancient of War
02:34 Hunter's Hall
02:55 Ancient of War
04:25 Moon Well
05:20 Tree of Ages
Chat log
(00:13 / All) iggy_the_fisk: HAYAAA
(00:16 / All) iggy_the_fisk: ;
(00:17 / All) iM.sO.L33T: Gl hf
(00:27 / All) iggy_the_fisk: good lucka in this game
(00:30 / All) iggy_the_fisk: who is ga y
(00:45 / All) bLinn: *poog* u all turn gay now
(00:46 / All) BEAR_AND: u all.....have a billiardth of my skills
(00:57 / All) MAINLINE: stfu and play assholes
(01:05 / All) BEAR_AND: thats what,......she said
(02:05 / Allies) bLinn: 1 milimite of lumber
(03:11 / All) MAINLINE: towering fucks
(04:07 / All) bLinn: YOTTAFAG
(04:09 / All) iggy_the_fisk: your glory has fallen.. alas.s..
(05:05 / All) iggy_the_fisk: you were not very elite at all...
(05:15 / All) iM.sO.L33T: Stfu noob ill own u 1v1 any day
(05:18 / All) TIMG4STRok: quit please
(05:26 / All) MAINLINE: suck more please
(05:32 / All) MAINLINE: Fucking mass tower rush
(05:32 / All) BEAR_AND: if u love 1v1 why u play 4s?
(05:34 / All) MAINLINE: stfu hoes
(05:41 / All) BEAR_AND: fucking mass NOOB OWNAGE!!!!
(06:08 / All) MAINLINE: Fucking tower rush more please
(06:10 / All) MAINLINE: Noob cunts
(06:13 / All) TIMG4STRok: fucking suck less please
(06:19 / All) iggy_the_fisk: lose to tower rush more
(06:20 / All) MAINLINE: lol
(06:23 / All) iggy_the_fisk: little esquire fag
(06:24 / All) TIMG4STRok: i have like 100 apm this game its awful
(06:26 / All) MAINLINE: Nothing about sucking u fucking retard
(06:34 / All) MAINLINE: It about not beating a noob tower rush
(06:42 / All) TIMG4STRok: lmfao
(06:57 / All) MAINLINE: Suck hardcore dick u duchenozzles
(06:59 / All) iM.sO.L33T: u guys act like ur 5
(07:01 / All) Sixty-Six: lol
(07:03 / All) Sixty-Six: for real
(07:10 / All) Sixty-Six: its a game u won stop ur fuckign talking and crying
(07:19 / All) iggy_the_fisk: may the flies of a million camels haunt your armpits in eternity...
(07:21 / All) Sixty-Six: its ok if u win in gay ass cheap way
(07:33 / All) BEAR_AND: SNAG AND BAG
(07:36 / All) bLinn: LOL RED PATHETIC NOOB
(07:38 / All) iggy_the_fisk: anoobanoob
(07:39 / All) MAINLINE: Fucking shit-clogs
(07:48 / All) MAINLINE: lol come to clan vR u dick suck
(07:52 / All) MAINLINE: we'll see who is a noob
(07:57 / All) MAINLINE: Clan vR niggers
(07:59 / All) bLinn: it's still u..
(08:00 / All) iggy_the_fisk: Lmao VR